Cogmind - Beta 13 @@@ ROGUE MODE // 2024.04.12 @ 08:53:41 Player: Strawberry Result: Destroyed by G-47 Trooper with Particle Gun Performance ------------- Evolutions (2) 1000 Regions Visited (4) 800 Robots Destroyed (50) 250 Value Destroyed (1450) 1450 Prototype IDs (0) 0 Alien Tech Used (0) 0 Bonus (41) 41 TOTAL SCORE: 3541 Bonus ------- High Alert Combat Kills 41 Cogmind --------- Core Integrity 0/550 Matter 300/300 Energy 100/100 System Corruption 20% Temperature Cool (27) Movement Core (100) Ox1 Location -8/Storage Parts ------- > --- POWER (2) -------- (None) > --- PROPULSION (2) --- (None) > --- UTILITY (5) ------ (None) > --- WEAPON (2) ------- Heavy Assault Rifle Heavy Hammer > --- INVENTORY (5) ---- Improved Heat Sink Large Storage Unit High-capacity Storage Unit Peak State ------------ > --- POWER ------------ Light Ion Engine Improved Ion Engine > --- PROPULSION ------- Carbon-fiber Leg Carbon-fiber Leg > --- UTILITY ---------- High-capacity Matter Pod Weight Redist. System Improved Terrain Scanner ECM Suite Hacking Suite > --- WEAPON ----------- Heavy Particle Cannon Heavy Hammer > --- INVENTORY -------- High-capacity Storage Unit EMP Blaster Mini Grenade Launcher [Rating: 24] Favorites ----------- Power Light Ion Engine Engine Light Ion Engine Power Core Light Nuclear Core Propulsion Aluminum Leg Leg Aluminum Leg Utility High-capacity Matter Pod Device ECM Suite Storage High-capacity Matter Pod Hackware Hacking Suite Protection Hardened Light Armor Plating Weapon Assault Rifle Energy Gun Beam Rifle Energy Cannon Heavy Particle Cannon Ballistic Gun Assault Rifle Ballistic Cannon Light Cannon Launcher Mini Grenade Launcher Impact Weapon Heavy Hammer Special Melee Weapon Datajack Build | -11 -10 -9 -8 -8 ------- Run | Yrd Mat Mat Mat Sto Slots Evolved 4 | . . 2 2 . Power 1 | . . . 1 . Propulsion . | . . . . . Utility 3 | . . 2 1 . Weapon . | . . . . . Parts Attached 76 | 6 2 32 17 19 Power 11 | 2 . 4 2 3 Engine 7 | 2 . 4 1 . Core 4 | . . . 1 3 Reactor . | . . . . . Propulsion 14 | 2 . 6 4 2 Treads . | . . . . . Leg 14 | 2 . 6 4 2 Wheel . | . . . . . Hover . | . . . . . Flight . | . . . . . Utility 11 | . 2 6 1 2 Device 5 | . 1 2 1 1 Storage 3 | . 1 1 . 1 Processor . | . . . . . Hackware 1 | . . 1 . . Protection 2 | . . 2 . . Artifact . | . . . . . Weapon 40 | 2 . 16 10 12 Energy Gun 5 | . . 2 . 3 Energy Cannon 3 | . . 2 1 . Ballistic Gun 5 | 2 . 1 1 1 Ballistic Cannon 4 | . . . 1 3 Launcher 14 | . . 8 4 2 Special Weapon . | . . . . . Impact Weapon 7 | . . 1 3 3 Slashing Weapon . | . . . . . Piercing Weapon . | . . . . . Special Melee Weapon 2 | . . 2 . . Unidentified Prototypes . | . . . . . Corrupted Parts 1 | . . . . 1 System Corruption 6 | . . . . 6 Parts Lost 29 | . . 8 12 9 Power 6 | . . 1 2 3 Propulsion 9 | . . 3 4 2 Utility 6 | . . 1 4 1 Weapon 8 | . . 3 2 3 Highest Loss Streak 9 | . . 4 9 8 To Critical Strikes 1 | . . . 1 . Average Slot Usage (%) 72 | . 90 80 65 52 Engine 8 | . 14 10 7 . Core 2 | . . . . 12 Leg 13 | . 28 12 13 13 Device 12 | . 6 13 15 8 Storage 8 | . 12 11 5 1 Hackware 6 | . . 10 5 . Protection 1 | . . 2 . . Energy Gun 3 | . . 3 . 4 Energy Cannon 2 | . . 2 6 . Ballistic Gun 5 | . 28 4 2 1 Ballistic Cannon 1 | . . . 1 4 Launcher 5 | . . 8 3 2 Impact Weapon 1 | . . . 3 3 Naked Turns . | . . . . . Heaviest Build 37 | 8 14 21 26 37 Greatest Support 36 | 20 20 30 36 26 Greatest Overweight (x) 6 | . . 6 1 5 Average Overweight (x) . | . . 1 . . Largest Inventory Capacity 20 | 5 5 20 5 15 Average Capacity 5 | 5 5 5 5 6 Most Carried 5 | 5 5 5 5 5 Average Carried 3 | 2 4 3 4 4 Final Capacity 5 | 5 5 5 5 5 Final Carried 5 | 5 5 5 4 3 Class Distribution -------------------- 92% | Mutant 7% | Scavenger-Mutant Dominant Class ---------------- Mutant | -10/Materials Mutant | -9/Materials Mutant | -8/Materials Mutant | -8/Storage Resources | -11 -10 -9 -8 -8 ----------- Run | Yrd Mat Mat Mat Sto Matter Collected 1395 | 285 . 592 215 303 Remotely . | . . . . . Salvage Created 1763 | 36 . 637 574 516 Parts 100 | 2 . 45 23 30 Haulers Intercepted 3 | . . . 1 2 Recyclers Shooed 3 | . . 2 1 . Parts Field Recycled . | . . . . . Retrieved Matter . | . . . . . Parts Self-Destructed . | . . . . . Prevented . | . . . . . Kills | -11 -10 -9 -8 -8 ------- Run | Yrd Mat Mat Mat Sto Combat Hostiles Destroyed 36 | 1 . 16 7 12 Melee 1 | . . . . 1 Guns 12 | 1 . 7 1 3 Cannons 11 | . . 4 5 2 AOE 8 | . . 4 1 3 Classes Destroyed 10 | 1 . 4 4 1 Worker 2 | . . . . 2 Builder 2 | . . . 2 . Hauler 3 | . . . 1 2 Recycler 4 | . . . 4 . Operator 2 | . . 1 . 1 Watcher 1 | . . 1 . . Swarmer 7 | . . 3 . 4 Grunt 13 | 1 . 7 4 1 Sentry 15 | . . 6 2 7 Hunter 1 | . . . 1 . Best Kill Streak 9 | 1 . 5 9 7 Combat Bots Only 5 | 1 . 5 3 4 Max Kills in Single Turn 3 | 1 . 2 2 3 Gunslinging . | . . . . . Exploded 2 | . . 2 1 2 Melee 1 | . . . . 1 Uniques/NPCs Destroyed . | . . . . . Combat | -11 -10 -9 -8 -8 -------- Run | Yrd Mat Mat Mat Sto Hostile Shots Fired 383 | 11 1 115 126 130 Missed 136 | 3 1 37 44 51 Damage Taken 3487 | 87 . 1098 1159 1143 Core 863 | 45 . 262 259 297 Absorbed by Shields . | . . . . . Regen/Repaired (Parts) 17 | . . 17 . . Core Remaining (%) 66 | 82 82 34 . . Volleys Fired 124 | 7 . 60 27 30 Largest 2 | 2 . 2 2 2 Hottest 131 | 40 . 131 105 100 Shots Fired 177 | 13 . 81 41 42 Gun 102 | 13 . 56 9 24 Cannon 42 | . . 10 21 11 Launcher 33 | . . 15 11 7 Special . | . . . . . Kinetic 81 | 13 . 41 13 14 Thermal 63 | . . 25 17 21 Explosive 23 | . . 6 10 7 Electromagnetic 10 | . . 9 1 . Robot Hit Streak 13 | 5 . 9 12 13 Robot Miss Streak 4 | 3 . 4 1 1 Penetration Max . | . . . . . Secondary Targets . | . . . . . Shots Hit Robots 116 | 7 . 50 23 36 Core Hits 73 | 2 . 27 27 17 Critical Kills 1 | . . 1 . . Critical Parts Destroyed 4 | . . . 1 3 Critical Strikes 6 | . . 2 1 3 Burn 1 | . . 1 . . Meltdown 1 | . . 1 . . Smash 4 | . . . 1 3 Melee Attacks 19 | . . 3 4 12 Impact 17 | . . 1 4 12 Slashing . | . . . . . Piercing . | . . . . . Sneak Attacks 2 | . . . 1 1 Combat Hostiles . | . . . . . Follow-up Attacks . | . . . . . Damage Inflicted 3722 | 88 . 1113 1383 1138 Guns 919 | 88 . 454 100 277 Cannons 718 | . . 225 330 163 Explosions 1486 | . . 434 735 317 Melee 599 | . . . 218 381 Ramming . | . . . . . Kinetic 693 | 88 . 296 130 179 Thermal 944 | . . 383 300 261 Explosive 1320 | . . 268 735 317 Electromagnetic 166 | . . 166 . . Impact 599 | . . . 218 381 Slashing . | . . . . . Piercing . | . . . . . Highest Corruption 20 | . . . 12 20 Average Corruption 12 | . . . 12 12 Corruption Purged . | . . . . . Corruption Blocked . | . . . . . Effects 29 | . . . 9 20 Message Errors 7 | . . . 3 4 Matter Fused 4 | . . . 2 2 Heat Flow Errors 1 | . . . . 1 Energy Discharges 4 | . . . . 4 Data Loss (minor) 5 | . . . . 5 Data Loss (major) 1 | . . . . 1 Misfires 2 | . . . 1 1 Misdirections 1 | . . . . 1 Weapon Failures 4 | . . . 3 1 Overload Shots . | . . . . . Overflow Damage 315 | . . 30 124 161 Projectiles . | . . . . . Explosions 53 | . . 30 . 23 Melee 262 | . . . 124 138 Knockbacks 1 | . . . 1 . Impact 1 | . . . 1 . Kinetic . | . . . . . Secondary . | . . . . . Self-Inflicted Damage 72 | . . 52 20 . Shots 5 | . . 4 1 . Rammed . | . . . . . Targets Rammed . | . . . . . Kicked . | . . . . . Crushed . | . . . . . Highest Temperature 228 | 6 . 228 161 107 Average Temperature 56 | 6 . 74 48 41 Received Heat Transfer 1338 | 48 . 453 387 450 Siege Activations . | . . . . . Robots Corrupted . | . . . . . Combat Hostiles . | . . . . . Parts Fried 7 | . . . 1 6 Impact Corruptions 10 | . . . 4 6 Robots Melted 1 | . . 1 . . Combat Hostiles 1 | . . 1 . . Parts Melted 4 | . . 4 . . Heat Transferred 1850 | . . 814 444 592 Parts Sabotaged . | . . . . . Parts Stolen . | . . . . . Parts Stripped . | . . . . . Power Chain Reactions . | . . . . . Alert | -11 -10 -9 -8 -8 ------- Run | Yrd Mat Mat Mat Sto Peak Influence 525 | 20 58 296 351 525 Initial 148 | . 13 24 124 148 Average 134 | 2 28 68 241 321 Maximum Alert Level 2 | . . 1 1 2 Low Security (%) 74 | 100 100 93 46 27 Level 1 20 | . . 6 53 50 Level 2 4 | . . . . 21 Level 3 . | . . . . . Level 4 . | . . . . . Level 5 . | . . . . . High Security . | . . . . . Max Security . | . . . . . Squads Dispatched 6 | . . 1 4 1 Investigation 1 | . . 1 . . Extermination . | . . . . . Reinforcement 2 | . . . 1 1 Assault . | . . . . . Garrison 3 | . . . 3 . Intercept . | . . . . . Searches Triggered . | . . . . . Construction Impeded 1 | . . . 1 . Haulers Reinforced . | . . . . . Active Scanning Responses . | . . . . . Cargo Convoy Interrupts . | . . . . . Stealth | -11 -10 -9 -8 -8 --------- Run | Yrd Mat Mat Mat Sto Distress Signals 2 | . . 1 1 . Communications Jammed . | . . . . . Distress Signals . | . . . . . Times Spotted 60 | 1 5 26 14 14 Peak Tracking Total 7 | 1 4 5 7 6 Tactical Retreats 5 | . . 4 1 . Traps | -11 -10 -9 -8 -8 ------- Run | Yrd Mat Mat Mat Sto Traps Triggered 2 | . . 1 . 1 Indirectly . | . . . . . Trap Hack Attempts . | . . . . . Triggered . | . . . . . Disarmed . | . . . . . Reprogrammed . | . . . . . Reused . | . . . . . Traps Extracted . | . . . . . Installed . | . . . . . Triggered . | . . . . . Machines | -11 -10 -9 -8 -8 ---------- Run | Yrd Mat Mat Mat Sto Machines Disabled 4 | . . 1 2 1 Max in Single Turn 1 | . . 1 1 1 Machines Repaired . | . . . . . Machines Dismantled . | . . . . . Machines Sabotaged . | . . . . . Overloaded Fab Kills . | . . . . . Hacking | -11 -10 -9 -8 -8 --------- Run | Yrd Mat Mat Mat Sto Machines Accessed 9 | . 1 7 . 1 Terminals 8 | . 1 6 . 1 Fabricators . | . . . . . Repair Stations 1 | . . 1 . . Recycling Units . | . . . . . Scanalyzers . | . . . . . Garrison Access . | . . . . . Total Hacks 41 | . 2 28 . 11 Successful 24 | . . 17 . 7 Failed 15 | . 2 11 . 2 Catastrophic 1 | . . . . 1 Database Lockouts 2 | . . . . 2 Manual 1 | . 1 . . . Terminals 35 | . 2 22 . 11 Fabricators . | . . . . . Repair Stations 6 | . . 6 . . Recycling Units . | . . . . . Scanalyzers . | . . . . . Garrison Access . | . . . . . Terminal Hacks 20 | . . 13 . 7 Record 12 | . . 6 . 6 Part Schematic 1 | . . . . 1 Robot Analysis 1 | . . 1 . . Emergency Access Points 2 | . . 2 . . Alert Level 2 | . . 2 . . Dispatch Records 1 | . . 1 . . Zone Layout 1 | . . 1 . . Fabricator Hacks . | . . . . . Repair Station Hacks 4 | . . 4 . . Scan Component 2 | . . 2 . . Repair 2 | . . 2 . . Recycling Unit Hacks . | . . . . . Scanalyzer . | . . . . . Garrison Access Hacks . | . . . . . Unauthorized Hacks . | . . . . . Terminals . | . . . . . Fabricators . | . . . . . Repair Stations . | . . . . . Recycling Units . | . . . . . Scanalyzers . | . . . . . Garrison Access . | . . . . . Data Cores Recovered 1 | . . 1 . . Used 1 | . . 1 . . Hacking Detections 8 | . 1 6 . 1 Full Trace Events 2 | . . 2 . . Feedback Events . | . . . . . Feedback Blocked . | . . . . . Robot Schematics Acquired . | . . . . . Robots Built . | . . . . . Authchips . | . . . . . Time . | . . . . . Total Robot Build Rating . | . . . . . Part Schematics Acquired 1 | . . . . 1 Parts Built . | . . . . . Authchips . | . . . . . Time . | . . . . . Total Part Build Rating . | . . . . . Parts Repaired 2 | . . 2 . . Time 52 | . . 52 . . Parts Recycled . | . . . . . Recycled Matter . | . . . . . Retrieved Matter . | . . . . . Retrieved Components . | . . . . . Parts Scanalyzed . | . . . . . Part Schematics Acquired . | . . . . . Parts Damaged . | . . . . . Bothacking | -11 -10 -9 -8 -8 ------------ Run | Yrd Mat Mat Mat Sto Used RIF Installer . | . . . . . Robots Hacked 2 | . . 2 . . Non-combat . | . . . . . Combat 2 | . . 2 . . Robot Hacks Applied 2 | . . 2 . . parse_system 2 | . . 2 . . Relay Couplers Released . | . . . . . Fabnet Peak Effective % . | . . . . . Robots Rewired . | . . . . . Allies Hacked . | . . . . . Hacks Repelled . | . . . . . Allies | -11 -10 -9 -8 -8 -------- Run | Yrd Mat Mat Mat Sto Total Allies . | . . . . . Largest Group . | . . . . . Highest-Rated Group . | . . . . . Highest-Rated Ally . | . . . . . Total Orders . | . . . . . Ally Attacks . | . . . . . Total Damage . | . . . . . Kills . | . . . . . Allies Corrupted . | . . . . . Allies Melted . | . . . . . Intel | -11 -10 -9 -8 -8 ------- Run | Yrd Mat Mat Mat Sto Robot Analysis Total 1 | . . 1 . . Derelict Logs Recovered . | . . . . . Drone Launches . | . . . . . Drone Recoveries . | . . . . . Exploration | -11 -10 -9 -8 -8 ------------- Run | Yrd Mat Mat Mat Sto Turns Passed 2253 | 194 149 1145 315 450 Spaces Moved 1214 | 153 119 536 161 245 Core 224 | 34 . 125 19 46 Treads . | . . . . . Legs 990 | 119 119 411 142 199 Wheels . | . . . . . Hover . | . . . . . Flight . | . . . . . Fastest Speed 50 | 50 120 120 50 50 Average Speed 137 | 104 120 164 115 122 Slowest Speed 350 | 120 120 350 120 300 Overloaded Moves . | . . . . . Propulsion Burnouts . | . . . . . Robots Hopped . | . . . . . Cave-ins Triggered . | . . . . . Exploration Rate (%) 23 | 8 18 39 18 36 Regions Visited 4 Branch Regions 1 Pre-discovered Areas . | . . . . . Known Exits Taken . | . . . . . Unknown Exits Taken 4 | 1 1 1 1 . Scrap Searched . | . . . . . Spaces Dug 9 | . . . . 9 Terrain Destroyed 149 | . . 50 36 63 Melee . | . . . . . Projectile 4 | . . 1 3 . AOE 145 | . . 49 33 63 Terrain Rammed . | . . . . . Walls Destroyed . | . . . . . Machines Disabled . | . . . . . Actions | -11 -10 -9 -8 -8 --------- Run | Yrd Mat Mat Mat Sto Total 1587 | 175 125 719 236 332 Wait 63 | . 1 33 19 10 Move 1210 | 152 118 535 160 245 Hop . | . . . . . Pick Up 63 | 10 3 33 8 9 Fast Attach . | . . . . . Attach 45 | 5 2 20 9 9 Detach 5 | . . 2 . 3 Swap 31 | 1 . 12 8 10 Drop 27 | . 1 21 1 4 Fire 124 | 7 . 60 27 30 Melee 19 | . . 3 4 12 Ram . | . . . . . Kick . | . . . . . Crush . | . . . . . Escape Stasis . | . . . . . Rewire . | . . . . . Trap . | . . . . . Miscellaneous . | . . . . . Route ------- -11/Scrapyard -10/Materials -9/Materials -8/Materials -8/Storage History --------- Turn | Location | Event 2 | -11/Scrapyard | Met Revision 17 146 | -11/Scrapyard | Discovered new exit (range 8) 195 | -11/Scrapyard | Entered Materials 260 | -10/Materials | Discovered new exit (range 14) 318 | -10/Materials | Build established: Mutant 344 | -10/Materials | Entered another Materials area 344 | -9/Materials | Evolved 2 slots: Utility x2 591 | -9/Materials | Lost 4 parts (1p2n1w) 711 | -9/Materials | Core integrity fell below 50% 750 | -9/Materials | Lost 3 parts (1n1u1w) 1366 | -9/Materials | Repaired ECM Suite 1392 | -9/Materials | Repaired Lgt. Ion Engine? 1415 | -9/Materials | Discovered new exit (range 10) 1489 | -9/Materials | Entered another Materials area 1489 | -8/Materials | Evolved 2 slots: Power x1, Utility x1 1489 | -8/Materials | Discovered new exit (range 7) 1668 | -8/Materials | System corruption reached 10% 1713 | -8/Materials | Lost 9 parts (2p2n4u1w) 1788 | -8/Materials | Lost 3 parts (2n1w) 1804 | -8/Materials | Entered Storage 1807 | -8/Storage | Central database locked down 1807 | -8/Storage | Central database locked down 2110 | -8/Storage | Core integrity fell below 50% 2196 | -8/Storage | Core integrity fell below 20% 2213 | -8/Storage | Lost 8 parts (3p2n3w) 2254 | -8/Storage | Destroyed by G-47 Trooper with Particle Gun Last Messages --------------- U-05 Engineer lays Concrete. Transfer Shaft disabled. U-05 Engineer lays Concrete. K-01 Serf collects debris. U-05 Engineer lays Concrete. K-01 Serf collects debris. U-05 Engineer lays Concrete. K-01 Serf collects debris. U-05 Engineer lays Concrete. Critical hit (Burn: +37). U-05 Engineer lays Concrete. K-01 Serf collects debris. Triggered Shock Trap. The floor emits a surge of raw power. System corrupted (+2). K-01 Serf collects debris. U-05 Engineer lays Concrete. /GKX0WO:FLQ==>W:F=CDAS&JFBG9Y#Z2DMNJL=T| U-05 Engineer lays Concrete. Critical hit (Burn: +37). Map ----- +----------------------------------------------------+ | ??# %# #?#??##???????????????????????? | | ??# # # ???????????????????????? | | ??# # # #??????????????????????? | | ??# # # #??????????????????????? | | ??# # # +??????????????????????? | | ??# ####+##+## #??????????????????????? | | ??# #??# #??????????????????????? | | ??# #??# ???????????????????? | | ??# #??# #####?????????????????????? | | ??# #### #?????????????????????? | | ??# #?????????????????????? | | ??# ####+######## =##????????????????????? | | ??# ## ## !k% #????????????????????? | | ?## ## ##$/# #????????????????????? | | ?# % # """" #*! ##????????????????????? | | ?# # "* =" ####% = #????????????????????? | | ?# %+ """" # #!=# #????????????????????? | | ?# # """ # ##= # #???##+##????????????? | | ?# # " |%" # #### #????????????? | | ?####### """"" ## ![ #????????????? | | ???????# # #????????????? | | ???????########### ##### #????????????? | | ????????####?#"""# # # #??# ###????????????? | | ?????####"T"##"T"#%# ##??# #??????????????? | | ?????# =%=%%[#u #####/##?????????????? | | ?????# """ """!"" # @ g #?????????????? | | ???????""" """[""" """"" #?????????????? | | ?????# """ """ """ """"" #?????????????? | | ?????# % o # """"" ##????????????? | | ?????# ! + g #????????????? | | ?????########### ### # """"" ##????????????? | | ???????????????###?# # """"" #?????????????? | | ?????????????????? # """"" #?????????????? | | ????????????????? # #?????????????? | | ????????????????T##+############?????????????? | | ???????????????#?????????????????????????????? | | ?????????????????????????????????????????????? | | ?????????????????????????????????????????????? | | ?????????????????????????????????????????????? | | ?????????????????????????????????????????????? | | ?????????????????????????????????????????????? | | ?????????????????????????????????????????????? | | ?????????????????????????????????????????????? | | ?????????????????????????????????????????????? | | | | | | | | | | | | | +----------------------------------------------------+ Best States ------------- Heat Dissipation 45 Energy Generation 23 Energy Capacity 300 Matter Stores 432 Matter Capacity 500 Sight Range 16 Terrain Scan Range 16 Terrain Scan Density 10 ECM Strength 1 Additional Mass Support 6 Armor Coverage 150 Evasion (%) 55 Offensive Hacking 10 Item Schematics ----------------- Imp. Titanium Leg | -8/Storage | Hacked Robot Schematics ------------------ None Fabricated ------------ Nothing Alien Tech Used ----------------- None Achievements -------------- Crack Shot Dynamic Key Librarian Loot Pinata Part-time Mechanic System Compromised Uninvited Guest Challenges ------------ None Game ------ Seed KineticHeartCalibrator Manual? 0 Play Time 01:25:43 Cumulative 2.4 hours Start 2024.04.11 @ 21:36:07 End 2024.04.12 @ 08:53:41 Sessions 5 Manual Loads 0 Difficulty Rogue Special Mode None Game No. 2 Rogue 2 Adventurer 0 Explorer 0 Win Type - Total 0 Types 0/0/0/0/0/0/0/0/0 Lore% 1 Gallery% 4 Achievement% 3 Wizard Run 0 Options --------- Layout 1 ASCII 1 Keyboard 0 Movement Mouse Keybinds 0 Fullscreen 1 Font 24/Terminus Map View 50x35 Zoom Use 0% Tactical HUD 0 Map Filters NONE Filters NONE Steam 0 RUN: 77899244-6eba-4d7e-ae4e-ed4e15581660